 Dungeon Sprint DCSS version 0.29-a0-338-g1ff7896281 (webtiles) character file.

Game seed: 8500332482820588978

20884 mhtbhm the Severer (level 12, -1/139 HPs)
             Began as a Gargoyle Berserker on Apr 17, 2022.
             Was the Champion of Trog.
             Killed by divine providence
             ... invoked by a balrug
              (10 damage)
             ... in the Dungeon (Sprint VII: "The Pits").
             The game lasted 00:07:00 (2975 turns).

mhtbhm the Severer (Gargoyle Berserker)             Turns: 2975, Time: 00:07:00

Health: -1/139     AC: 30    Str: 27    XL:     12   Next: 84%
Magic:  1/12       EV: 13    Int:  7    God:    Trog [******]
Gold:   29         SH:  0    Dex:  9    Spells: 11/11 levels left

rFire   . . .      SeeInvis +   a - +9 battleaxe "Tiysiq" {vorpal, rElec}
rCold   . . .      Faith    .   (shield currently unavailable)
rNeg    + + .      Spirit   .   b - +3 plate armour
rPois   ∞          Reflect  .   p - +0 helmet
rElec   +          Harm     .   (no cloak)
rCorr   .          Rampage  .   (no gloves)
Will    .....      NoTele   +   (no boots)
Stlth   ..........              (no amulet)
HPRegen 0.33/turn               l - +3 ring of evasion
MPRegen 0.13/turn               y - ring "Plog" {rPois rN+ SInv Stlth+}

@: berserking (expiring), on fire, glowing, very quick
A: sickness immunity, AC +8, negative energy resistance 1, electricity
resistance, torment resistance 1, petrification resistance
a: Renounce Religion, Berserk, Trog's Hand, Brothers in Arms


You were in the Dungeon.
You worshipped Trog.
Trog was exalted by your worship.
You visited 1 branch You collected 29 gold pieces.

Inventory:

Hand Weapons
 a - the +9 battleaxe "Tiysiq" (weapon) {vorpal, rElec}
   (Trog gifted it to you in the Dungeon)

   It inflicts extra damage upon your enemies.
   rElec:     It insulates you from electricity.
 q - a +3 battleaxe of flaming
Missiles
 k - 15 poisoned darts (quivered)
Armour
 b - a +3 plate armour (worn)
 p - a +0 helmet (worn)
Jewellery
 l - a +3 ring of evasion (left hand)
 m - a +3 ring of strength
 v - a ring of protection from cold
 x - the ring "Wuts" {rElec rN+ Will+ MP+9}
   (You found it in the Dungeon)

   [ring of positive energy]

   rElec:     It insulates you from electricity.
   rN:        It protects you from negative energy.
   MP:        It affects your magic capacity (+9).
   Will:      It increases your willpower.
 y - the ring "Plog" (right hand) {rPois rN+ SInv Stlth+}
   (You found it in the Dungeon)

   [ring of see invisible]

   rPois:     It protects you from poison.
   rN:        It protects you from negative energy.
   SInv:      It lets you see invisible.
   Stlth:     It makes you more stealthy.
Scrolls
 h - 4 scrolls of enchant weapon
 j - a scroll of summoning
 r - 2 scrolls of identify
 s - a scroll of blinking
 t - 3 scrolls of fog
 z - a scroll of immolation
Potions
 c - 6 potions of curing
 d - 9 potions of heal wounds
 e - 2 potions of haste
 f - 4 potions of magic
 g - 4 potions of berserk rage
 i - 2 potions of invisibility
 n - a potion of resistance
 o - 3 potions of might
 u - 2 potions of mutation
 w - a potion of cancellation


   Skills:
 + Level 18.5 Fighting
 + Level 20.4 Axes
 + Level 15.4 Armour
 + Level 9.1 Dodging
 + Level 2.9 Stealth


You had 11 spell levels left.
You didn't know any spells.
Your spell library was empty.

Dungeon Overview and Level Annotations

Branches:
Dungeon (1/1)

Altars:
Gozag
Hepliaklqana
Sif Muna
Trog
Jiyva

Annotations:
D Erica


Innate Abilities, Weirdness & Mutations

You are immune to sickness and miasma.
Your stone body is resilient. (AC +8)
You are immune to poison.
You resist negative energy. (rN+)
You are resistant to electric shocks. (rElec)
You are resistant to unholy torment.
You are immune to petrification.


Message History

You barely miss the sun demon.
The sun demon is severely wounded.
You slice the warg!!
You kill the warg!
Trog accepts your kill.
You miss the wolf. The sun demon hits you!
* * * LOW HITPOINT WARNING * * *
You are engulfed in flames!!
* * * LOW HITPOINT WARNING * * *
Unknown command.
The wolf closely misses you.
A gargoyle comes into view. It is wielding a +0 mace.
The orc warrior barely misses you.
Things that are here:
a +0 dagger; a +0 robe; an orc corpse Unknown command.
You barely miss the orc warrior.
The orc warrior is almost dead.
You closely miss Erica. You slash the wolf!
The wolf bites you but does no damage.
You cut the orc warrior into ribbons!!!
You kill the orc warrior!
Trog accepts your kill.
You slash the wolf!
You feel the power of Trog in you as your rage grows.
You kill the wolf!
Trog accepts your kill.
You slice Erica!! Erica hits you but does no damage.
There is an open door, spattered with blood here.
Items here: ( ))) [[.
Unknown command.
You feel a strong urge to attack something.
The balrug gestures at you.
The sticky flame hits you but does no damage.
You are covered in liquid flames!
You are covered in liquid flames!
* * * LOW HITPOINT WARNING * * *
The balrug gestures at you. Something smites you!
You die...

#....................''.....[.)
#..################..##..#..†)#
#..# #.#.#p# #.#..##......). #..#
#.#4#D# #9##..##........ #..#
#3#h#o#o# #..####''#### #..#
#2#E#@# #..####''#### #..#
#$#)#3# #..##...)..##
#..#########)######..##.#'##.##
###.............@......##.#[)'.##
.##....................##.'[)#.##
.###########++###########.#.['.##
.###########++###########.+.:#.##
'##................##..##.##'#.##
.##......#..#......##..##......##
.##................''..##########
..'................''.)##########
###......#..#......##............


You could see a balrug and a sun demon.

Vanquished Creatures
  An ophan (D)
  2 vampire knights (D)
  2 great orbs of eyes (D)
  A merfolk aquamancer (D)
  A merfolk avatar (D)
  A vampire mage (D)
  A death yak (D)
  Urug (D)
  A deep elf knight (D)
  A shadow wraith (D)
  A sea snake (D)
  A bog body (D)
  An orc knight (D)
  A deep elf pyromancer (D)
  A deep elf zephyrmancer (D)
  An orc sorcerer (D)
  2 manticores (D)
  2 slime creatures (D)
  A guardian serpent (D)
  2 black mambas (D)
  A cane toad (D)
  An unseen horror (D)
  A freezing wraith (D)
  A demonic crawler (D)
  2 efreet (D)
  A guardian mummy (D)
  A hornet (D)
  5 dream sheep (D)
  A snapping turtle (D)
  2 flying skulls (D)
  A fire bat (D)
  Eustachio (D)
  3 redbacks (D)
  4 vampire mosquitoes (D)
  An acid dragon (D)
  2 wargs (D)
  4 orc warriors (D)
  An ogre (D)
  3 wolves (D)
  A centaur (D)
  3 kobold brigands (D)
  A scorpion (D)
  A small abomination (D)
  4 killer bees (D)
  2 crimson imps (D)
  A quasit (D)
  A jelly (D)
  2 iguanas (D)
  A hell rat (D)
  An adder (D)
  2 river rats (D)
  A white imp (D)
  3 ufetubi (D)
  An adder simulacrum (D)
  2 orcs (D)
  A goblin (D)
  3 hobgoblins (D)
  4 jackals (D)
  A kobold (D)
  2 ball pythons (D)
  A quokka zombie (D)
  A rat (D)
101 creatures vanquished.

Vanquished Creatures (collateral kills)
  A vampire knight (D)
  A vampire mage (D)
  A swamp dragon (D)
  A deep elf archer (D)
  A molten gargoyle (D)
  A basilisk (D)
  A golden eye (D)
7 creatures vanquished.

Vanquished Creatures (others)
  A rakshasa (D)
1 creature vanquished.

Grand Total: 109 creatures vanquished

Notes
Turn   | Place    | Note
-------+----------+-------------------------------------------
     0 | D        | mhtbhm the Gargoyle Berserker began the quest for the Orb.
     0 | D        | Reached XP level 1. HP: 14/14 MP: 1/1
   110 | D        | Reached skill level 3 in Axes
   212 | D        | Reached ** piety under Trog
   213 | D        | Reached XP level 2. HP: 17/20 MP: 2/2
   253 | D        | Noticed a kobold brigand
   255 | D        | Reached *** piety under Trog
   256 | D        | Reached skill level 4 in Axes
   259 | D        | Reached skill level 5 in Fighting
   259 | D        | Reached XP level 3. HP: 26/26 MP: 3/3
   264 | D        | Killed a kobold brigand
   265 | D        | Reached skill level 5 in Axes
   265 | D        | Reached XP level 4. HP: 32/32 MP: 4/4
   309 | D        | Reached **** piety under Trog
   310 | D        | Reached skill level 6 in Axes
   457 | D        | Found a bloodstained altar of Trog.
   457 | D        | Found a shimmering blue altar of Sif Muna.
   457 | D        | Found a viscous altar of Jiyva.
   457 | D        | Found a hazy altar of Hepliaklqana.
   457 | D        | Found an opulent altar of Gozag.
   480 | D        | Noticed a flying skull
   480 | D        | Noticed a wolf
   484 | D        | Reached XP level 5. HP: 38/38 MP: 5/5
   490 | D        | Killed a wolf
   491 | D        | Reached skill level 7 in Axes
   492 | D        | Reached ***** piety under Trog
   496 | D        | Reached XP level 6. HP: 44/44 MP: 6/6
   498 | D        | Killed a flying skull
   499 | D        | Reached skill level 8 in Axes
   499 | D        | Reached skill level 5 in Armour
   499 | D        | Reached skill level 5 in Dodging
   654 | D        | Reached XP level 7. HP: 51/52 MP: 7/7
   661 | D        | Reached skill level 10 in Fighting
   661 | D        | Reached skill level 9 in Axes
   670 | D        | Received a gift from Trog
   810 | D        | Noticed a flying skull
   810 | D        | Noticed a black mamba
   814 | D        | Killed a flying skull
   817 | D        | Killed a black mamba
   818 | D        | Reached skill level 10 in Axes
   818 | D        | Reached XP level 8. HP: 60/60 MP: 8/8
   818 | D        | Killed an unseen horror
   819 | D        | Reached skill level 11 in Axes
   977 | D        | Received a gift from Trog
   978 | D        | Reached skill level 1 in Stealth
   994 | D        | Noticed a death yak
   994 | D        | Noticed a vampire knight
   994 | D        | Noticed a sea snake
  1006 | D        | Killed a sea snake
  1007 | D        | Reached skill level 12 in Axes
  1007 | D        | Reached XP level 9. HP: 26/65 MP: 9/9
  1008 | D        | Killed a vampire knight
  1009 | D        | Reached skill level 13 in Axes
  1013 | D        | Killed a death yak
  1014 | D        | Reached XP level 10. HP: 19/73 MP: 10/10
  1285 | D        | Noticed a black mamba
  1291 | D        | Killed a black mamba
  1292 | D        | Reached skill level 14 in Axes
  1292 | D        | Noticed a great orb of eyes
  1303 | D        | Killed a great orb of eyes
  1303 | D        | Reached ****** piety under Trog
  1304 | D        | Reached skill level 10 in Armour
  1321 | D        | Noticed a deep elf knight
  1321 | D        | Noticed a deep elf pyromancer
  1321 | D        | Noticed a deep elf zephyrmancer
  1322 | D        | Noticed a deep elf archer
  1332 | D        | Received a gift from Trog
  1332 | D        | Killed a deep elf zephyrmancer
  1333 | D        | Reached skill level 15 in Axes
  1340 | D        | Killed a deep elf knight
  1341 | D        | Killed a deep elf pyromancer
  1346 | D        | HP: 1/75 [deep elf archer/arrow (7)]
  1354 | D        | Killed a deep elf archer
  1414 | D        | Noticed a guardian serpent
  1414 | D        | Noticed a demonic crawler
  1426 | D        | Killed a demonic crawler
  1426 | D        | Killed a guardian serpent
  1426 | D        | Received a gift from Trog
  1427 | D        | Reached skill level 16 in Axes
  1427 | D        | Reached XP level 11. HP: 45/80 MP: 11/11
  1655 | D        | Received a gift from Trog
  1705 | D        | Reached skill level 15 in Fighting
  1708 | D        | Received a gift from Trog
  1734 | D        | Reached skill level 17 in Axes
  1735 | D        | Noticed a manticore
  1742 | D        | Killed a manticore
  1851 | D        | Noticed a great orb of eyes
  1861 | D        | Killed a great orb of eyes
  2002 | D        | Received a gift from Trog
  2103 | D        | Noticed a manticore
  2107 | D        | Killed a manticore
  2135 | D        | Noticed a bog body
  2146 | D        | Killed a bog body
  2149 | D        | Identified the +9 battleaxe "Tiysiq" {vorpal, rElec} (Trog
                  | gifted it to you in the Dungeon)
  2149 | D        | Received a gift from Trog
  2215 | D        | Noticed a vampire knight
  2230 | D        | HP: 4/124 [vampire knight/+2 great sword (32)]
  2240 | D        | Killed a vampire knight
  2241 | D        | Reached skill level 18 in Axes
  2241 | D        | Reached XP level 12. HP: 59/90 MP: 12/12
  2378 | D        | Noticed Eustachio
  2379 | D        | Noticed a merfolk avatar
  2381 | D        | Received a gift from Trog
  2393 | D        | Received a gift from Trog
  2394 | D        | Killed a merfolk avatar
  2403 | D        | Reached skill level 19 in Axes
  2404 | D        | Killed Eustachio
  2404 | D        | Received a gift from Trog
  2631 | D        | Got the ring "Plog" {rPois rN+ SInv Stlth+}
  2756 | D        | Noticed a vampire knight
  2756 | D        | Noticed a vampire mage
  2756 | D        | Noticed a vampire mage
  2756 | D        | Noticed an ophan
  2756 | D        | Noticed a rakshasa
  2756 | D        | Paralysed by a vampire knight for 3 turns
  2770 | D        | Killed a vampire knight
  2776 | D        | Killed a vampire mage
  2778 | D        | Killed an ophan
  2778 | D        | Received a gift from Trog
  2779 | D        | Reached skill level 15 in Armour
  2783 | D        | Killed a vampire mage
  2788 | D        | Killed a rakshasa
  2800 | D        | Got the ring "Wuts" {rElec rN+ Will+ MP+9}
  2952 | D        | Noticed Erica
  2952 | D        | Noticed a balrug
  2952 | D        | Noticed a merfolk aquamancer
  2953 | D        | Noticed Urug
  2953 | D        | Noticed a sun demon
  2960 | D        | Killed a merfolk aquamancer
  2961 | D        | Reached skill level 20 in Axes
  2962 | D        | Received a gift from Trog
  2963 | D        | Noticed an orc warlord
  2964 | D        | Killed Urug
  2965 | D        | Noticed a sun demon
  2975 | D        | Killed from afar by a balrug

Illustrated notes

Levels and vault maps discovered:
D:        pitsprint [storerooms_1, entrance_room_1, metal_vault_7, armoury_2,
          mini_pit_1, grid_room_1, main_hall_1, silver_pit, the_coven_2,
          the_vestibule_1, steel_vault_5, golden_pit, hallway_of_sentries,
          crystal_vault_4, iron_vault_1, final_vault]

Skill      XL: |  1  2  3  4  5  6  7  8  9 10 11 12 |
---------------+-------------------------------------+-----
Fighting       | 4 5 6 7 8 9 11 12 13 14 16 18 | 18.5
Axes           | 3 4 5 6 7 8 10 12 13 16 18 20 | 20.4
Dodging        | 2 3 4 5 6 7 8 9 |  9.1
Armour         | 3 4 5 6 8 9 12 14 15 | 15.4
Stealth        | 1 2 |  2.9

Action                   |  1- 3 |  4- 6 |  7- 9 | 10-12 || total
-------------------------+-------+-------+-------+-------++-------
Melee: Hand axe          |    23 |    49 |    19 |       ||    91
       Punch             |       |     1 |     1 |       ||     2
       War axe           |       |       |    31 |    61 ||    92
       Battleaxe         |       |       |       |   104 ||   104
Invok: Berserk           |     1 |     1 |     2 |     5 ||     9
       Brothers in Arms  |       |       |       |     4 ||     4
  Use: Potion            |       |       |       |    11 ||    11
       Scroll            |       |       |       |     3 ||     3
Armor: Animal skin       |    10 |     5 |       |       ||    15
       Chain mail        |       |    18 |    16 |       ||    34
       Plate armour      |       |       |    12 |   128 ||   140
Dodge: Dodged            |    20 |    27 |    20 |   107 ||   174

Table legend: (Time is in decaauts)
 A = Elapsed time spent in this place.
 B = Non-inter-level travel time spent in this place.
 C = Inter-level travel time spent in this place.
 D = Time resting spent in this place.
 E = Time spent auto-exploring this place.
 F = Levels seen in this place.
 G = Mean time per level.
                   A        B        C        D        E       F      G
               +--------+--------+--------+--------+--------+-----+--------+
         Total |   3038 |   3038 |      0 |   1729 |    106 |   1 | 3038.0 |
       Dungeon |   3038 |   3038 |      0 |   1729 |    106 |   1 | 3038.0 |
               +--------+--------+--------+--------+--------+-----+--------+

Top non-repeatable levels by time:
       D: 3038 daAuts
